PL
PHOENIX HOTSPUR @ PANAMA CITY PIRANHAS
09/24/2028
 
TOP OF THE 1ST
Phoenix Hotspur batting - Pitching for Panama City Piranhas : RHP John Dempsey
Pitching: RHP John Dempsey
Batting: SHB Pedro Gómez 0-0: Ground out 4-3 (Groundball, 4S)
Batting: LHB Francisco García 0-0: Swinging Strike
0-1: Ball
1-1: DOUBLE (Line Drive, 89D)
Batting: RHB Gabriel Pérez 0-0: Swinging Strike
0-1: Called Strike
Francisco García is caught stealing 3rd base
0-2: Strikes out swinging
Top of the 1st over - 0 run(s), 1 hit(s), 0 error(s), 0 left on base; Phoenix 0 - Panama City 0
BOTTOM OF THE 1ST
Panama City Piranhas batting - Pitching for Phoenix Hotspur : LHP Alejandro Guerra
Pitching: LHP Alejandro Guerra
Batting: RHB Juan Jose Ayala 0-0: Called Strike
0-1: Ball
1-1: Foul Ball, location: 2F
1-2: Ball
2-2: Foul Ball, location: 2F
2-2: Foul Ball, location: 2F
2-2: SINGLE (Groundball, 4MD)
Batting: RHB Raúl Ortíz 0-0: Ball
1-0: Ball
Wild Pitch!
Juan Jose Ayala to second
2-0: Ball
3-0: Called Strike
3-1: Called Strike
3-2: Foul Ball, location: 2F
3-2: Foul Ball, location: 2F
3-2: Fly out, F8 (Flyball, 8LM)
Batting: RHB Baldomero Avino 0-0: Foul Ball, location: 2F
0-1: Ball
1-1: Called Strike
1-2: Foul Ball, location: 2F
1-2: Ball
2-2: Fly out, F9 (Flyball, 9S)
Batting: RHB Armando Alvarado 0-0: Called Strike
0-1: Called Strike
0-2: Strikes out swinging
Bottom of the 1st over - 0 run(s), 1 hit(s), 0 error(s), 1 left on base; Phoenix 0 - Panama City 0
TOP OF THE 2ND
Phoenix Hotspur batting - Pitching for Panama City Piranhas : RHP John Dempsey
Batting: LHB Mario Cruz 0-0: Ball
1-0: Called Strike
1-1: Fly out, F4 (Popup, 34)
Batting: RHB Alex Niemann 0-0: Ground out 1-3 (Groundball, 13)
Batting: LHB Shojiro Ueda 0-0: Called Strike
0-1: Called Strike
0-2: Ball
1-2: Ball
2-2: Strikes out looking
Top of the 2nd over - 0 run(s), 0 hit(s), 0 error(s), 0 left on base; Phoenix 0 - Panama City 0
BOTTOM OF THE 2ND
Panama City Piranhas batting - Pitching for Phoenix Hotspur : LHP Alejandro Guerra
Batting: RHB Andy Putman 0-0: Called Strike
0-1: Ball
1-1: SINGLE (Flyball, 8RS)
Batting: RHB Lorenzo Rosas 0-0: Called Strike
0-1: Ball
1-1: SINGLE (Groundball, 56D)
Andy Putman to second
Batting: LHB Robert Adams 0-0: Called Strike
0-1: Ground out 3-1 (Groundball, 34S)
Andy Putman to third
Lorenzo Rosas to second
Batting: LHB Sergio Muñóz 0-0: Ground out 4-3 (Groundball, 34)
Andy Putman scores
Lorenzo Rosas to third
Batting: RHB JoJo Victory 0-0: Swinging Strike
0-1: Fly out, F8 (Line Drive, 8LM)
Bottom of the 2nd over - 1 run(s), 2 hit(s), 0 error(s), 1 left on base; Phoenix 0 - Panama City 1
TOP OF THE 3RD
Phoenix Hotspur batting - Pitching for Panama City Piranhas : RHP John Dempsey
Batting: LHB Rafael Sánchez 0-0: Reached on error, E4 (Groundball, 34)
Batting: RHB Ed Sharp 0-0: Called Strike
0-1: Grounds into double play, 6-4-3 (Groundball, 6)
Batting: RHB Kyle Bywaters 0-0: Ball
1-0: Ball
2-0: Fly out, F9 (Flyball, 9LS)
Top of the 3rd over - 0 run(s), 0 hit(s), 1 error(s), 0 left on base; Phoenix 0 - Panama City 1
BOTTOM OF THE 3RD
Panama City Piranhas batting - Pitching for Phoenix Hotspur : LHP Alejandro Guerra
Batting: RHB Juan Jose Ayala 0-0: Ball
1-0: Foul Ball, location: 2F
1-1: Ball
2-1: Fly out, F9 (Flyball, 89M)
Batting: RHB Raúl Ortíz 0-0: Ball
1-0: SINGLE (Groundball, 56D)
Batting: RHB Baldomero Avino 0-0: Foul Ball, location: 2F
0-1: Fly out, F8 (Flyball, 8RM)
Batting: RHB Armando Alvarado 0-0: Ball
1-0: Called Strike
1-1: Ball
2-1: Fly out, F8 (Flyball, 89D)
Bottom of the 3rd over - 0 run(s), 1 hit(s), 0 error(s), 1 left on base; Phoenix 0 - Panama City 1
TOP OF THE 4TH
Phoenix Hotspur batting - Pitching for Panama City Piranhas : RHP John Dempsey
Batting: SHB Pedro Gómez 0-0: Ball
1-0: Ball
2-0: Ball
3-0: Called Strike
3-1: DOUBLE (Line Drive, 9LM)
Batting: LHB Francisco García 0-0: Ball
1-0: Ball
2-0: Called Strike
2-1: Swinging Strike
2-2: Foul Ball, location: 2F
2-2: Foul Ball, location: 2F
2-2: Strikes out swinging
Batting: RHB Gabriel Pérez 0-0: Ball
1-0: Swinging Strike
1-1: Fly out, F7 (Flyball, 78D)
Batting: LHB Mario Cruz 0-0: Called Strike
0-1: Foul Ball, location: 2F
0-2: Ball
1-2: Strikes out swinging
Top of the 4th over - 0 run(s), 1 hit(s), 0 error(s), 1 left on base; Phoenix 0 - Panama City 1
BOTTOM OF THE 4TH
Panama City Piranhas batting - Pitching for Phoenix Hotspur : LHP Alejandro Guerra
Batting: RHB Andy Putman 0-0: Ball
1-0: Ball
2-0: Foul Ball, location: 2F
2-1: Swinging Strike
2-2: Strikes out looking
Batting: RHB Lorenzo Rosas 0-0: Ball
1-0: Ground out 4-3 (Groundball, 4)
Batting: LHB Robert Adams 0-0: Foul Ball, location: 2F
0-1: Swinging Strike
0-2: DOUBLE (Line Drive, 89D)
Batting: LHB Sergio Muñóz 0-0: Ball
1-0: Ball
2-0: Fly out, F5 (Line Drive, 56)
Bottom of the 4th over - 0 run(s), 1 hit(s), 0 error(s), 1 left on base; Phoenix 0 - Panama City 1
TOP OF THE 5TH
Phoenix Hotspur batting - Pitching for Panama City Piranhas : RHP John Dempsey
Batting: RHB Alex Niemann 0-0: Ball
1-0: Called Strike
1-1: Swinging Strike
1-2: Strikes out swinging
Batting: LHB Shojiro Ueda 0-0: Ball
1-0: Called Strike
1-1: Foul Ball, location: 2F
1-2: Strikes out looking
Batting: LHB Rafael Sánchez 0-0: Called Strike
0-1: Ball
1-1: Foul Ball, location: 2F
1-2: Strikes out swinging
Top of the 5th over - 0 run(s), 0 hit(s), 0 error(s), 0 left on base; Phoenix 0 - Panama City 1
BOTTOM OF THE 5TH
Panama City Piranhas batting - Pitching for Phoenix Hotspur : LHP Alejandro Guerra
Batting: RHB JoJo Victory 0-0: Ball
1-0: Ball
2-0: Foul Ball, location: 2F
2-1: Foul Ball, location: 2F
2-2: Strikes out swinging
Batting: RHB Juan Jose Ayala 0-0: Ball
1-0: Ball
2-0: Ball
3-0: Called Strike
3-1: Foul Ball, location: 2F
3-2: Reached on error, E6 (Groundball, 6)
Batting: RHB Raúl Ortíz 0-0: Called Strike
0-1: Ball
Wild Pitch!
Juan Jose Ayala to second
1-1: Swinging Strike
1-2: Ball
2-2: Ground out 1-3 (Groundball, P)
Juan Jose Ayala to third
Batting: RHB Baldomero Avino 0-0: Ball
1-0: Swinging Strike
1-1: Fly out, F9 (Flyball, 89M)
Bottom of the 5th over - 0 run(s), 0 hit(s), 1 error(s), 1 left on base; Phoenix 0 - Panama City 1
TOP OF THE 6TH
Phoenix Hotspur batting - Pitching for Panama City Piranhas : RHP John Dempsey
Batting: RHB Ed Sharp 0-0: Ball
1-0: SINGLE (Groundball, 4MD)
Batting: RHB Kyle Bywaters 0-0: Foul Ball, location: 2F
0-1: Ball
1-1: Sac Bunt - play at first, batter OUT! 1-4
Ed Sharp to second
Batting: SHB Pedro Gómez 0-0: Called Strike
0-1: Foul Ball, location: 2F
0-2: Fly out, F7 (Flyball, 78M)
Batting: LHB Francisco García 0-0: Ball
1-0: Ball
2-0: Called Strike
2-1: Ball
3-1: Called Strike
3-2: Strikes out swinging
Top of the 6th over - 0 run(s), 1 hit(s), 0 error(s), 1 left on base; Phoenix 0 - Panama City 1
BOTTOM OF THE 6TH
Panama City Piranhas batting - Pitching for Phoenix Hotspur : LHP Alejandro Guerra
Batting: RHB Armando Alvarado 0-0: Ball
1-0: Foul Ball, location: 2F
1-1: Ground out 4-3 (Groundball, 4)
Batting: RHB Andy Putman 0-0: Ball
1-0: Fly out, F3 (Line Drive, 34)
Batting: RHB Lorenzo Rosas 0-0: Foul Ball, location: 2F
0-1: Ball
1-1: Ground out 5-3 (Groundball, 56)
Bottom of the 6th over - 0 run(s), 0 hit(s), 0 error(s), 0 left on base; Phoenix 0 - Panama City 1
TOP OF THE 7TH
Phoenix Hotspur batting - Pitching for Panama City Piranhas : RHP John Dempsey
Batting: RHB Gabriel Pérez 0-0: Foul Ball, location: 2F
0-1: Swinging Strike
0-2: Ball
1-2: Ball
2-2: Ball
3-2: Ground out 5-3 (Groundball, 56)
Batting: LHB Mario Cruz 0-0: Ball
1-0: Ground out U3 (Groundball, 3L)
Batting: RHB Alex Niemann 0-0: Called Strike
0-1: Called Strike
0-2: SINGLE (Flyball, 9S)
Batting: LHB Shojiro Ueda 0-0: Called Strike
Alex Niemann is caught stealing 2nd base
Top of the 7th over - 0 run(s), 1 hit(s), 0 error(s), 0 left on base; Phoenix 0 - Panama City 1
BOTTOM OF THE 7TH
Panama City Piranhas batting - Pitching for Phoenix Hotspur : LHP Alejandro Guerra
Batting: LHB Robert Adams 0-0: Foul Ball, location: 2F
0-1: Hit by Pitch
Batting: LHB Sergio Muñóz 0-0: Ball
1-0: Ball
2-0: Ball
3-0: Base on Balls
Robert Adams to second
Batting: RHB JoJo Victory 0-0: Called Strike
0-1: Swinging Strike
0-2: Foul Ball, location: 2F
0-2: Ball
1-2: Ball
2-2: Fly out, F8 (Line Drive, 8RS)
Pitching: RHP Scott William
Batting: RHB Juan Jose Ayala 0-0: Ball
1-0: Ball
2-0: Swinging Strike
2-1: Ball
3-1: Called Strike
3-2: Fly out, F9 (Flyball, 9)
Batting: RHB Raúl Ortíz 0-0: Called Strike
0-1: Foul Ball, location: 2F
0-2: Ball
1-2: Fly out, F9 (Flyball, 9LS)
Bottom of the 7th over - 0 run(s), 0 hit(s), 0 error(s), 2 left on base; Phoenix 0 - Panama City 1
TOP OF THE 8TH
Phoenix Hotspur batting - Pitching for Panama City Piranhas : RHP John Dempsey
Batting: LHB Shojiro Ueda 0-0: Foul Ball, location: 2F
0-1: Ball
1-1: Ball
2-1: Ground out 5-3 (Groundball, 56S)
Batting: LHB Rafael Sánchez 0-0: Swinging Strike
0-1: Ball
1-1: Ground out 4-3 (Groundball, 4)
Batting: RHB Ed Sharp 0-0: Foul Ball, location: 2F
0-1: Ball
1-1: Ball
2-1: Foul Ball, location: 2F
2-2: Ball
3-2: Ground out 1-3 (Groundball, 15S)
Top of the 8th over - 0 run(s), 0 hit(s), 0 error(s), 0 left on base; Phoenix 0 - Panama City 1
BOTTOM OF THE 8TH
Panama City Piranhas batting - Pitching for Phoenix Hotspur : RHP Scott William
Batting: RHB Baldomero Avino 0-0: Ball
1-0: Swinging Strike
1-1: Ball
2-1: Swinging Strike
2-2: Foul Ball, location: 2F
2-2: Strikes out swinging
Batting: RHB Armando Alvarado 0-0: Called Strike
0-1: Foul Ball, location: 2F
0-2: Ball
1-2: Ball
2-2: Foul Ball, location: 2F
2-2: Ball
3-2: Foul Ball, location: 2F
3-2: Strikes out looking
Batting: RHB Andy Putman 0-0: Ball
1-0: Foul Ball, location: 2F
1-1: DOUBLE (Line Drive, 7LM)
Batting: RHB Lorenzo Rosas 0-0: Ball
1-0: Fly out, F8 (Flyball, 8LS)
Bottom of the 8th over - 0 run(s), 1 hit(s), 0 error(s), 1 left on base; Phoenix 0 - Panama City 1
TOP OF THE 9TH
Phoenix Hotspur batting - Pitching for Panama City Piranhas : RHP John Dempsey
Batting: RHB Kyle Bywaters 0-0: Ball
1-0: Ground out 6-3 (Groundball, 6)
Batting: SHB Pedro Gómez 0-0: Ball
1-0: SINGLE (Line Drive, 6MD)
Pitching: RHP Anderson O'Mara
Batting: LHB Francisco García 0-0: Ball
1-0: SINGLE (Groundball, 4MD)
Pedro Gómez to second
Runner from 2nd tries for 3rd, SAFE, throw made to third
Batting: RHB Gabriel Pérez 0-0: Ball
1-0: Ball
2-0: Grounds into double play, 6-4-3 (Groundball, 6)
Top of the 9th over - 0 run(s), 2 hit(s), 0 error(s), 1 left on base; Phoenix 0 - Panama City 1
Thursday, September 7th, 2017 - OOTP Baseball 17.12 Build 75